 Dungeon Crawl Stone Soup version 0.31-a0-237-g2d982f9f85 (webtiles) character file.

Game seed: 1315856914104924612

67 qw the Shooter (level 3, -5/29 HPs)
             Began as a Minotaur Hexslinger on July 11, 2023.
             Slain by a gnoll
             ... wielding a +0 club
              (7 damage)
             ... on level 2 of the Dungeon.
             The game lasted 00:00:26 (927 turns).

qw the Shooter (Minotaur Hexslinger)                 Turns: 927, Time: 00:00:26

Health: -5/29      AC:  3    Str: 12    XL:     3   Next: 98%
Magic:  3/3        EV: 12    Int: 10    God:
Gold:   45         SH:  0    Dex: 14    Spells: 3/4 levels left

rFire   . . .        Y - +2 sling
rCold   . . .        (no shield)
rNeg    . . .        c - +0 robe
rPois   .            (helmet restricted)
rElec   .            (no cloak)
rCorr   .            (no gloves)
SInv    .            k - +0 pair of boots
Will    .....        (no amulet)
Stlth   +            (no ring)
HPRegen 0.24/turn    (no ring)
MPRegen 0.08/turn

%: no passive effects
@: no status effects
A: horns 2, retaliatory headbutt
a: no special abilities


You were on level 2 of the Dungeon.
You visited 1 branch of the dungeon, and saw 2 of its levels.

You collected 45 gold pieces.


Innate Abilities, Weirdness & Mutations

You have a pair of horns on your head.
You reflexively headbutt those who attack you in melee.


   Skills:
 - Level 2.2 Fighting
 + Level 4.3 Ranged Weapons
 - Level 2.1 Dodging
 - Level 1.0 Spellcasting
 - Level 2.0 Hexes


You had 3 spell levels left.
You knew the following spells:

 Your Spells              Type           Power      Damage    Failure   Level
a - Slow                  Hex            16%        N/A       16%         1

Your spell library contained the following spells:

 Spells                   Type           Power      Damage    Failure   Level
 Inner Flame              Hex/Fire       2%         N/A       56%         3
 Portal Projectile        Hex/Tloc       4%         N/A       56%         3
 Cause Fear               Hex            2%         N/A       83%         4

Inventory:

Hand Weapons
 Y - a +2 sling (weapon)
Armour
 b - a +0 leather armour
 c - a +0 robe (worn)
 k - a +0 pair of boots (worn)
Potions
 a - a potion of cancellation {unknown}
 g - a potion of curing {unknown}
 j - a potion of heal wounds {unknown}

Dungeon Overview and Level Annotations

Branches:
Dungeon (2/15)

Altars:


Message History

Enter note: A gnoll comes into view. It is wielding a +0 whip.
The gnoll shouts!
Enter note:
Enter note: You shoot a sling bullet.
The sling bullet hits the gnoll.
The gnoll is lightly wounded.
A gnoll comes into view. It is wielding a +0 club.
You shoot a sling bullet.
The sling bullet closely misses the gnoll.
A giant cockroach comes into view.
You shoot a sling bullet.
The sling bullet closely misses the giant cockroach.
You shoot a sling bullet. The sling bullet hits the gnoll.
The gnoll is moderately wounded.
A gnoll comes into view. It is wielding a +0 flail.
You shoot a sling bullet.
The sling bullet barely misses the gnoll.
You shoot a sling bullet.
The sling bullet completely misses the gnoll.
The gnoll hits you with a +0 whip.
You shoot a sling bullet. The sling bullet hits the gnoll.
The gnoll is heavily wounded.
The gnoll hits you with a +0 whip.
You shoot a sling bullet.
The sling bullet barely misses the gnoll.
The gnoll hits you with a +0 club. The gnoll barely misses you.
You shoot a sling bullet. The sling bullet hits the gnoll.
The gnoll is almost dead.
The gnoll hits you with a +0 club. The gnoll hits you with a +0 whip.
You shoot a sling bullet. The sling bullet hits the gnoll.
You kill the gnoll!
The gnoll hits you with a +0 club.
You shoot a sling bullet.
The sling bullet barely misses the gnoll.
The gnoll hits you with a +0 club!
You shoot a sling bullet. The sling bullet hits the gnoll!
The gnoll is heavily wounded.
The gnoll hits you with a +0 club!
You die...

..~~....~....## ###
.....}~~......##...
....)~}............ #
...~....~~...#....# ..
..%~..~~..~........ .#
....~~....~...##### .#
........~~...######..##
.......~~....###)gB...#
###~~~~~~###....@# #
##~~~~## ####### #
###### ####...# #
.....### .# ##..## .#
###.#####.# ..........#
###..##...#####


You could see a gnoll and a giant cockroach.

Vanquished Creatures
  An adder (D:2)
  3 gnolls
  A dart slug (D:1)
  4 ball pythons
  A bat (D:2)
  2 endoplasms (D:1)
  3 goblins
  2 hobgoblins (D:1)
  4 quokkas (D:1)
  A frilled lizard (D:1)
  4 kobolds
  3 rats (D:1)
29 creatures vanquished.

Notes
Turn   | Place    | Note
-------+----------+-------------------------------------------
     0 | D:1      | qw the Minotaur Hexslinger began the quest for the Orb.
     0 | D:1      | Reached XP level 1. HP: 16/16 MP: 1/1
     0 | D:1      | 0 ||| qw: Version: 0.3-a-52-g30416fa
     0 | D:1      | 0 ||| qw: Game counter: 5855
     0 | D:1      | 0 ||| qw: Melee chars always use a shield: true
     0 | D:1      | 0 ||| qw: God list: Okawaru
     0 | D:1      | 0 ||| qw: Allow faded altars: false
     0 | D:1      | 0 ||| qw: Do Orc after clearing Dungeon:15 true
     0 | D:1      | 0 ||| qw: Do second Lair branch before Depths: true
     0 | D:1      | 0 ||| qw: Lair rune preference: random
     0 | D:1      | 0 ||| qw: Goals: Normal
     0 | D:1      | 0 ||| PLANNING D:1-11
   178 | D:1      | HP: 4/16 [gnoll/+0 whip (3)]
   180 | D:1      | Reached skill level 3 in Ranged Weapons
   180 | D:1      | Reached XP level 2. HP: 6/23 MP: 2/2
   308 | D:1      | Reached XP level 3. HP: 29/29 MP: 3/3
   467 | D:1      | Found a faded altar of an unknown god.
   780 | D:1      | 780 ||| UPGRADING to +0 pair of boots.
   785 | D:1      | 785 ||| DROPPING +6 ring of intelligence.
   786 | D:1      | 786 ||| READING scroll labelled HYUN REGHAVASCHANY.
   787 | D:1      | 787 ||| READING scroll labelled PIUPAU KIUQO.
   788 | D:1      | 788 ||| READING scroll labelled ZACIEM RADOEFI.
   789 | D:1      | 789 ||| READING scroll labelled USUTEU TUEW.
   794 | D:1      | 794 ||| DROPPING scroll of poison.
   879 | D:2      | Reached skill level 4 in Ranged Weapons
   926 | D:2      | HP: 2/29 [gnoll/+0 club (7)]
   927 | D:2      | Slain by a gnoll

Levels and vault maps discovered:
D:1:      dpeg_arrival_pits, layout_loops_ring,
          shapermc_ecumenical_altar_notcrosses, serial_bayou_ford_a
D:2:      cheibrodos_helix_gallery, layout_rooms

Skill      XL: |  1  2  3 |
---------------+----------+-----
Ranged Weapons | 3 4 |  4.3
Fighting       | 2 |  2.2
Dodging        | |  2.1
Spellcasting   | |  1.0
Hexes          | |  2.0

Action                     || total
---------------------------++-------
   Fire: Sling             ||   101
    Use: Scroll            ||     4
 Armour: Robe              ||     2
  Dodge: Dodged            ||    15

Table legend:
 A = Non-vault XP
 B = Vault XP
 C = Vault XP percentage of total XP
 D = Non-vault monster count
 E = Vault monster count
 F = Vault count percentage of total count
                 A         B        C        D         E       F
            +---------+---------+-------+---------+---------+-------
      Total |      82 |      14 |  14.6 |      27 |       2 |   6.9
            +---------+---------+-------+---------+---------+-------
        D:1 |      63 |       0 |   0.0 |      23 |       0 |   0.0
        D:2 |      19 |      14 |  42.4 |       4 |       2 |  33.3
            +---------+---------+-------+---------+---------+-------
